 Dungeon Crawl Stone Soup version 0.25-a0-734-g73332aeda9 (webtiles) character file.

Game seed: 9724988418594371427, levelgen mode: deterministic

248 Froggeryz the Skirmisher (level 5, 0/48 HPs)
             Began as a Minotaur Enchanter on Apr 10, 2020.
             Slain by a sky beast (5 damage)
             ... on level 4 of the Dungeon.
             The game lasted 00:05:21 (3477 turns).

Froggeryz the Skirmisher (Minotaur Enchanter)       Turns: 3477, Time: 00:05:21

Health: 0/48       AC:  6    Str: 14    XL:     5   Next: 86%
Magic:  6/6        EV: 11    Int: 12    God:
Gold:   160        SH:  0    Dex: 10    Spells: 5/6 levels left

rFire    . . .     SeeInvis .   m - +0 hand axe
rCold    . . .     Gourm    .   (no shield)
rNeg     . . .     Faith    .   o - +0 ring mail
rPois    .         Spirit   .   f - +0 hat
rElec    .         Reflect  .   (no cloak)
rCorr    .         Harm     .   j - +0 pair of gloves
MR       .....                  (no boots)
Stlth    +.........             (no amulet)
HPRegen  0.16/turn              (no ring)
MPRegen  0.10/turn              (no ring)

@: flying
A: retaliatory headbutt, horns 2
a: no special abilities


You were on level 4 of the Dungeon.
You were hungry.

You visited 1 branch of the dungeon, and saw 4 of its levels.

You collected 160 gold pieces.

Inventory:

Hand Weapons
 a - a +1 dagger
 c - a +0 hunting sling
 m - a +0 hand axe (weapon)
Missiles
 b - a poisoned dart (quivered)
Armour
 f - a +0 hat (worn)
 j - a +0 pair of gloves (worn)
 o - a +0 ring mail (worn)
 q - a +0 scale mail
Jewellery
 r - an uncursed ring of fire
Scrolls
 h - 2 scrolls of remove curse
 i - 6 scrolls of identify
 k - a scroll of blinking {unknown}
 n - a scroll of random uselessness {unknown}
 p - a scroll of enchant armour
 s - a scroll of magic mapping {unknown}
Potions
 g - a potion of degeneration {unknown}
 l - a potion of invisibility {unknown}
Comestibles
 d - 4 rations
 t - a chunk of flesh


   Skills:
 - Level 5.1 Fighting
 - Level 1.1 Short Blades
 * Level 4.0 Axes
 - Level 1.4 Armour
 - Level 2.1 Dodging
 - Level 2.4 Stealth
 - Level 1.3 Spellcasting
 - Level 2.0 Hexes


You had 5 spell levels left.
You knew the following spells:

 Your Spells              Type           Power        Failure   Level  Hunger
a - Corona                Hex            #......      26%         1    ##.....

Your spell library contained the following spells:

 Spells                   Type           Power        Failure   Level  Hunger
 Ensorcelled Hibernation  Hex/Ice        #.....       52%         2    ###....
 Confusing Touch          Hex            #.......     61%         3    ####...
 Tukima's Dance           Hex            #.......     61%         3    ####...
 Dazzling Flash           Conj/Hex       #.....       75%         3    ####...


Dungeon Overview and Level Annotations

Branches:
Dungeon (4/15)
 Temple: D:4-7

Altars:
Cheibriados
Sif Muna
The Shining One


Innate Abilities, Weirdness & Mutations

You reflexively headbutt those who attack you in melee.
You have a pair of horns on your head.


Message History

Something hits you but does no damage.
A sky beast appears from thin air!
Reactivating autopickup.
The worker ant waves its antennae.
The sky beast flickers out of sight!
Deactivating autopickup; reactivate with Ctrl-A.
Something hits you.
* * * LOW HITPOINT WARNING * * *
Something shocks you.
* * * LOW HITPOINT WARNING * * *
There is an open door here.
You are feeling hungry.
A sky beast appears from thin air!
Reactivating autopickup.
It was a potion of flight.
You feel very buoyant.
You fly up into the air.
The sky beast hits you.
* * * LOW HITPOINT WARNING * * *
The sky beast shocks you.
You die...

#..#..≈..# #.##.....######
#..'a.♣..'....#
#.##.....####.#
####a.#.....# #.# ## #.#
#.# ####.####.#####.###.#
#....>..........##..#
#.##.####.####....#.#
#.##.# #........###. #.##.#
######....#.# ## #.#..#
##.##.## ###.. #.#.##
#####.##.#
......##.#.#######...#.##.#


You could see a sky beast, a worker ant and a jackal.

Vanquished Creatures
  Natasha (thrice) (D:2)
  3 gnolls
  5 adders
  An ooze (D:3)
  3 worms
  4 dart slugs
  3 leopard geckos
  6 orcs (D:3)
  2 ball pythons (D:1)
  9 bats
  7 giant cockroaches
  5 goblins
  4 hobgoblins
  6 kobolds
  2 quokkas
  5 frilled lizards
  11 rats
79 creatures vanquished.

Notes
Turn   | Place    | Note
-------+----------+-------------------------------------------
     0 | D:1      | Froggeryz the Minotaur Enchanter began the quest for the
                  | Orb.
     0 | D:1      | Reached XP level 1. HP: 14/14 MP: 1/1
    14 | D:1      | Reached skill level 1 in Fighting
    23 | D:1      | Reached skill level 2 in Fighting
    23 | D:1      | Reached XP level 2. HP: 19/24 MP: 3/3
   530 | D:1      | Reached skill level 3 in Fighting
   797 | D:1      | Reached XP level 3. HP: 24/31 MP: 4/4
  1056 | D:2      | Reached skill level 4 in Fighting
  1358 | D:2      | Noticed Natasha
  1368 | D:2      | Killed Natasha
  1368 | D:2      | Reached XP level 4. HP: 31/41 MP: 5/5
  1474 | D:2      | Noticed Natasha
  1480 | D:2      | Killed Natasha
  1480 | D:2      | Reached skill level 5 in Fighting
  1480 | D:2      | Reached skill level 1 in Armour
  1901 | D:2      | Noticed Natasha
  1913 | D:2      | Killed Natasha
  1913 | D:2      | Reached skill level 1 in Axes
  1913 | D:2      | Reached XP level 5. HP: 26/48 MP: 6/6
  2499 | D:3      | Found a snail-covered altar of Cheibriados.
  2655 | D:3      | Found a glowing golden altar of the Shining One.
  2886 | D:3      | Found a shimmering blue altar of Sif Muna.
  3425 | D:4      | Noticed a sky beast
  3477 | D:4      | Slain by a sky beast

Levels and vault maps discovered:
D:1:      saegor_arrival_simple_c, layout_loops_cross, serial_glass,
          glass_columns_c, glass_columns_b, hangedman_decor_peaks_small,
          minmay_unequal
D:2:      layout_basic, uniq_natasha
D:3:      layout_rooms, lemuel_coloured_pillars_altar, kennysheep_slug_shrine,
          tso_metal_star
D:4:      layout_loops_ring, first_ration, abandoned_shop,
          kennysheep_generic_room_13

Skill      XL: |  1  2  3  4  5 |
---------------+----------------+-----
Fighting       | 2 3 4 5 |  5.1
Armour         | 1 |  1.4
Axes           | 1 4 |  4.0
Short Blades   | |  1.1
Dodging        | |  2.1
Stealth        | |  2.4
Spellcasting   | |  1.3
Hexes          | |  2.0

Action                   |  1- 3 |  4- 6 || total
-------------------------+-------+-------++-------
Melee: Dagger            |   107 |    10 ||   117
       Headbutt          |     9 |    17 ||    26
       Hand axe          |       |   118 ||   118
Throw: Dart              |       |     3 ||     3
 Cast: Corona            |     3 |     1 ||     4
  Use: Scroll            |       |     2 ||     2
       Potion            |       |     1 ||     1
 Stab: Sleeping          |     1 |     2 ||     3
  Eat: Chunk             |     1 |     7 ||     8
Armor: Robe              |    24 |     4 ||    28
       Ring mail         |       |    32 ||    32
Dodge: Dodged            |    63 |    76 ||   139

Table legend:
 A = Non-vault XP
 B = Vault XP
 C = Vault XP percentage of total XP
 D = Non-vault monster count
 E = Vault monster count
 F = Vault count percentage of total count
                 A         B        C        D         E       F
            +---------+---------+-------+---------+---------+-------
      Total |     306 |      49 |  13.8 |      73 |       6 |   7.6
            +---------+---------+-------+---------+---------+-------
        D:1 |      40 |       7 |  14.9 |      23 |       3 |  11.5
        D:2 |     131 |      36 |  21.6 |      24 |       1 |   4.0
        D:3 |      88 |       4 |   4.3 |      21 |       1 |   4.5
        D:4 |      47 |       2 |   4.1 |       5 |       1 |  16.7
            +---------+---------+-------+---------+---------+-------
